AoeStats
← ska_18

Arabia

504506611Analyzed
3v3 RM · 27d ago on Sep 5, 2026· 44m 12s· 6 players
Game mode
Random Map
Map size
Normal (6 player)
Population
200
Speed
Normal
Resources
Standard
Victory
Conquest
Starting age
Dark Age
Ending age
Imperial Age
RankedLock teamsTeams togetherTeam positionsShared explorationLock speedFull tech treeHidden civsTurbo modeCheats
Victory
Defeat
🇨🇳 Burmese · China
1185
+10
🇨🇳 Jurchens · China
1160
+11
🇨🇳 Franks · China
1155
+12
🇦🇹 Saracens · Austria
1088
-12
🇻🇳 Goths · Vietnam
1083
-12
🇧🇷 Inca · Brazil
1004
-9
ska_18
Don Constan
4:44 Loom
12:51 Feudal Age
13:40 Horse Collar
19:18 Wheelbarrow
20:07 Champi Runner
phuochoang1510
1:40 Loom
10:54 Feudal Age
11:55 Double-Bit Axe
11:52 Horse Collar
19:36 Castle Age
17:59 Stone Mining
18:31 Gold Mining
18:45 Scale Mail Armor
21:06 Bow Saw
21:04 Heavy Plow
24:32 Squires
25:38 Pikeman
27:20 Chain Mail Armor
30:22 Town Watch
32:14 Forging
32:09 Fletching
33:33 Anarchy
35:22 Wheelbarrow
36:11 Iron Casting
39:03 Imperial Age
39:09 Elite Huskarl
41:28 Conscription
thty36
6:13 Loom
9:10 Feudal Age
9:55 Double-Bit Axe
17:29 Forging
19:16 Scale Barding Armor
21:24 Horse Collar
24:11 Bloodlines
27:16 Castle Age
25:12 Stone Mining
25:34 Town Watch
27:02 Wheelbarrow
29:02 Bow Saw
31:58 Hand Cart
32:47 Heavy Plow
33:34 Town Patrol
37:52 Gold Mining
38:39 Stone Shaft Mining
41:35 Imperial Age
43:06 Sanctity
42:47 Devotion
43:23 Theocracy
42:44 Herbal Medicine
43:15 Illumination
42:50 Atonement
43:01 Fervor
steven9801
1:08 Loom
11:11 Feudal Age
19:31 Castle Age
17:47 Stone Mining
18:16 Gold Mining
19:26 Bloodlines
21:04 Gold Shaft Mining
20:20 Horse Collar
21:03 Heavy Plow
21:36 Husbandry
24:47 Manipur Cavalry
26:23 Wheelbarrow
25:33 Town Watch
30:42 Hand Cart
30:48 Hand Cart
31:16 Town Patrol
32:18 Ballistics
31:40 Treadmill Crane
32:12 Masonry
31:58 Murder Holes
34:46 Fervor
34:58 Sanctity
35:29 Fortified Wall
35:10 Guard Tower
35:33 Clinker Construction
38:21 Imperial Age
40:31 Crop Rotation
40:33 Architecture
40:09 Siege Engineers
41:05 Chemistry
41:18 Conscription
40:58 Howdah
42:14 Elite Arambai
今天不游牧
8:48 Loom
11:11 Feudal Age
17:23 Castle Age
15:23 Double-Bit Axe
17:22 Gold Mining
18:19 Husbandry
19:55 Bow Saw
24:50 Wheelbarrow
27:58 Gold Shaft Mining
27:13 Stone Mining
33:58 Imperial Age
31:45 Forging
31:36 Scale Mail Armor
31:52 Squires
32:13 Arson
33:07 Iron Casting
32:59 #83
35:44 Blast Furnace
34:59 Chain Mail Armor
36:04 Hand Cart
35:36 Elite Throwing Axeman
36:36 Conscription
38:14 Plate Mail Armor
39:00 Chemistry
39:28 Caravan
40:31 Masonry
Connection lost

Rejoining the realm…

Still unreachable

The connection could not be restored.

Session expired

The server has moved on; the page needs a fresh start.